 Dungeon Crawl Stone Soup version 0.20.0-8-g6b59dc7 (webtiles) character file.

1037 MDvedh the Slicer (level 8, 0/48 HPs)
             Began as a Kobold Assassin on May 30, 2017.
             Was an Initiate of Fedhas.
             Succumbed to Mesmaeker13's ghost's poison
             ... on level 5 of the Dungeon.
             The game lasted 00:11:49 (6453 turns).

MDvedh the Slicer (Kobold Assassin)                 Turns: 6453, Time: 00:11:50

Health: 0/48       AC: 10    Str:  8    XL:     8   Next: 48%
Magic:  8/8        EV: 12    Int: 11    God:    Fedhas [......]
Gold:   275        SH:  0    Dex: 18    Spells: 7/7 levels left

rFire    . . .     SeeInvis +   a - +1 short sword (drain)
rCold    . . .     Gourm    .   (shield restricted)
rNeg     . . .     Faith    .   y - +0 ring mail (curse)
rPois    .         Spirit   .   v - +2 helmet
rElec    .         Reflect  .   d - +1 cloak
rCorr    .         Harm     .   (no gloves)
MR       +....                  (no boots)
Stlth    +.........             (no amulet)
Regen    0.2/turn               p - ring of see invisible
MPRegen  0.2/turn               x - ring of protection from magic

@: confused, lethally poisoned (0 -> -18)
A: carnivore 3, dopey 1, robust 1
a: Fungal Bloom, Renounce Religion


You were on level 5 of the Dungeon.
You worshipped Fedhas.
Fedhas was noncommittal.
You were very full.

You visited 2 branches of the dungeon, and saw 6 of its levels.

You collected 275 gold pieces.

Inventory:

Hand Weapons
 a - a +1 short sword of draining (weapon)
 b - a +0 blowgun
 i - a +2 dagger
Missiles
 e - 14 poisoned needles
 f - 2 curare-tipped needles
Armour
 d - a +1 cloak (worn)
 v - a +2 helmet (worn)
 y - a cursed +0 ring mail (worn)
Jewellery
 p - a ring of see invisible (left hand)
 x - a ring of protection from magic (right hand)
Wands
 c - a wand of digging (10/24)
 r - a wand of iceblast (8/15)
Scrolls
 h - a scroll of blinking
 l - a scroll of identify
 t - 3 scrolls of remove curse
 z - 2 scrolls of magic mapping
Potions
 s - 2 potions of brilliance
Comestibles
 g - 2 meat rations
 j - a royal jelly
 k - 4 fruits


   Skills:
 - Level 2.1 Fighting
 + Level 11.1 Short Blades
 - Level 2.1 Throwing
 - Level 1.2 Dodging
 - Level 8.0 Stealth


You had 7 spell levels left.
You didn't know any spells.

Dungeon Overview and Level Annotations

Branches:
Dungeon (5/15)             Temple (1/1) D:4

Altars:
Cheibriados
Dithmenos
Fedhas
Gozag
Kikubaaqudgha
Okawaru
Ru
Sif Muna
Trog
Vehumet
Xom
Zin
The Shining One

Annotations:
D:3 BorisBritva's ghost, amateur DsGl
D:5 Mesmaeker13's ghost, amateur DEWz


Innate Abilities, Weirdness & Mutations

You are small and have problems with some larger weapons.
You are carnivorous and can eat meat at any time.
You are dopey. (Int -2)
You are robust. (+10% HP)


Message History

* * * LOW HITPOINT WARNING * * *
You feel sick.
Mesmaeker13's ghost gestures at you while chanting.
The ball explodes into a vile cloud!
The stinking cloud engulfs you!
The stinking cloud engulfs the crimson imp.
The crimson imp appears unharmed.
The stinking cloud engulfs Mesmaeker13's ghost.
Mesmaeker13's ghost appears unharmed.
Unknown command.
You hit the crimson imp but do no damage.
You are engulfed in noxious fumes.
You choke on the stench!
You are confused.
* * * LOW HITPOINT WARNING * * *
You feel sick. The crimson imp misses you.
Unknown command.
You bump into the rock wall.
You are engulfed in noxious fumes.
You choke on the stench!
You are more confused.
You die...
Fedhas appreciates your contribution to the ecosystem.

###### #....# ... #
#########....# ... #
#.......#....# ....
#####.......#..§§####### ##>.≈≈
'...'.......'...@+.....# ....≈)
#####.......#..5W#####.####....≈≈
....'.......+........[...........
..###)......##########.....##'#..
.)# #.......# #.....# ..#
######### #...### ..# #...# ###
###.. # #...


You could see Mesmaeker13's ghost and a crimson imp.

Vanquished Creatures
  Grinder (D:3)
  Sigmund (D:4)
  A centaur (D:4)
  2 scorpions (D:4)
  A howler monkey (D:4)
  3 jellies (D:4)
  A bullfrog skeleton (D:4)
  2 hounds (D:4)
  An orc priest (D:3)
  2 orc wizards (D:3)
  A worker ant (D:5)
  A hound skeleton (D:4)
  Robin (D:3)
  2 adders
  A shadow imp (D:5)
  11 oozes
  2 dart slugs (D:1)
  4 leopard geckos
  3 orcs
  8 bats
  4 giant cockroaches (D:1)
  13 goblins
  15 hobgoblins
  7 jackals
  12 kobolds
  A ball python (D:4)
  A frilled lizard (D:1)
  A giant cockroach zombie (D:1)
  A leopard gecko skeleton (D:4)
  5 rats (D:1)
109 creatures vanquished.

Vanquished Creatures (others)
  2 fungi (D:4)
  11 toadstools (D:4)
13 creatures vanquished.

Grand Total: 122 creatures vanquished

Notes
Turn   | Place    | Note
-------+----------+-------------------------------------------
     0 | D:1      | MDvedh the Kobold Assassin began the quest for the Orb.
     0 | D:1      | Reached XP level 1. HP: 12/12 MP: 1/1
   486 | D:1      | Reached skill level 3 in Short Blades
   560 | D:1      | Reached XP level 2. HP: 17/17 MP: 2/2
   967 | D:1      | Reached XP level 3. HP: 7/21 MP: 3/3
  1577 | D:1      | Reached skill level 4 in Short Blades
  1708 | D:1      | Reached XP level 4. HP: 25/26 MP: 4/4
  1766 | D:2      | Found a bloodstained altar of Trog.
  2747 | D:3      | Noticed Robin
  3059 | D:3      | Killed Robin
  3059 | D:3      | Reached XP level 5. HP: 12/30 MP: 5/5
  3337 | D:3      | Noticed BorisBritva's ghost (amateur DsGl)
  3931 | D:4      | Noticed Sigmund
  3971 | D:4      | Reached skill level 5 in Short Blades
  4293 | D:3      | Reached XP level 6. HP: 35/35 MP: 6/6
  4497 | D:3      | Noticed Grinder
  4539 | D:3      | Paralysed by Grinder for 7 turns
  4552 | D:3      | Gained mutation: You are dopey. (Int -2) [potion of mutation]
  4552 | D:3      | Gained mutation: You are robust. (+10% HP) [potion of mutation]
  4563 | D:3      | Killed Grinder
  4563 | D:3      | Reached skill level 7 in Short Blades
  4563 | D:3      | Reached XP level 7. HP: 39/44 MP: 7/7
  4817 | D:3      | Reached skill level 8 in Short Blades
  5105 | D:4      | Killed Sigmund
  5105 | D:4      | Reached skill level 9 in Short Blades
  5421 | D:4      | Reached XP level 8. HP: 48/48 MP: 8/8
  5579 | D:4      | Reached skill level 10 in Short Blades
  5820 | D:4      | Found a staircase to the Ecumenical Temple.
  5830 | Temple   | Entered the Ecumenical Temple
  5912 | Temple   | Became a worshipper of Fedhas Madash
  6236 | D:4      | Reached skill level 11 in Short Blades
  6307 | D:5      | Entered Level 5 of the Dungeon
  6409 | D:5      | Noticed Mesmaeker13's ghost (amateur DEWz)
  6451 | D:5      | HP: 2/48 [poisoned by Mesmaeker13's ghost]
  6453 | D:5      | Succumbed to Mesmaeker13's ghost's poison

Skill      XL: |  1  2  3  4  5  6  7  8 |
---------------+-------------------------+-----
Short Blades   | 3 4 5 7 9 11 | 11.1
Stealth        | 6 7 8 |  8.0
Fighting       | |  2.1
Throwing       | |  2.1
Dodging        | |  1.2

Action                   |  1- 3 |  4- 6 |  7- 9 || total
-------------------------+-------+-------+-------++-------
Melee: Dagger            |   156 |   204 |    93 ||   453
       Short sword       |       |       |   108 ||   108
 Fire: Blowgun           |       |    10 |       ||    10
Invok: Fungal Bloom      |       |       |     2 ||     2
Evoke: Wand              |       |       |     1 ||     1
  Use: Scroll            |       |     5 |     6 ||    11
       Potion            |       |     7 |       ||     7
 Stab: Sleeping          |     4 |     5 |     6 ||    15
       Distracted        |       |     1 |       ||     1
  Eat: Chunk             |     9 |     9 |     7 ||    25
Armor: Robe              |    14 |       |       ||    14
       Ring mail         |    17 |    68 |    54 ||   139
       Scale mail        |       |     6 |       ||     6
       Skin              |       |    10 |       ||    10
Dodge: Dodged            |    83 |    91 |    67 ||   241
